 Dungeon Crawl Stone Soup version 0.27.0-1-g7a089689b8 (webtiles) character file.

Game seed: 16978196662325767794

3825 dtburroughs the Fighter (level 9, -8/124 HPs)
             Began as a Minotaur Berserker on Aug 5, 2021.
             Was an Elder of Trog.
             Mangled by an orc knight (18 damage)
             ... in a bailey on Aug 6, 2021.
             The game lasted 00:17:20 (9279 turns).

dtburroughs the Fighter (Minotaur Berserker)        Turns: 9279, Time: 00:17:20

Health: -8/124     AC: 15    Str: 22    XL:     9   Next: 97%
Magic:  8/8        EV: 10    Int:  7    God:    Trog [****..]
Gold:   635        SH:  0    Dex: 10    Spells: 8/8 levels left

rFire    + . .     SeeInvis +   i - +2 war axe (vamp)
rCold    . . .     Faith    .   (no shield)
rNeg     . . .     Spirit   .   I - +0 chain mail
rPois    .         Reflect  .   (helmet restricted)
rElec    .         Harm     .   (no cloak)
rCorr    .         Rampage  .   s - +0 pair of gloves
Will     ++...                  p - +1 pair of boots
Stlth    ..........             (no amulet)
HPRegen  1.30/turn              r - ring of see invisible
MPRegen  0.11/turn              h - ring of protection from fire

@: berserking, strong-willed, regenerating, very quick
A: horns 2, retaliatory headbutt
a: Renounce Religion, Berserk, Trog's Hand, Brothers in Arms


You were in a bailey.
You worshipped Trog.
Trog was greatly pleased with you.
You visited 1 branch of the dungeon, and saw 8 of its levels.
You also visited: Ossuary and Bailey.

You collected 635 gold pieces.

Inventory:

Hand Weapons
 a - a +2 flail of draining
 i - a +2 vampiric war axe (weapon)
Armour
 p - a +1 pair of boots (worn)
 s - a +0 pair of gloves (worn)
 I - a +0 chain mail (worn)
Jewellery
 d - a ring of positive energy
 g - a +6 ring of intelligence
 h - a ring of protection from fire (right hand)
 r - a ring of see invisible (left hand)
 C - a ring of protection from cold
Wands
 v - a wand of charming (11)
 x - a wand of digging (5)
 E - a wand of acid (9)
Scrolls
 c - a scroll of silence {unknown}
 e - 2 scrolls of magic mapping
 j - 3 scrolls of enchant weapon
 n - 2 scrolls of fog
 o - a scroll of enchant armour
 q - a scroll of summoning
 u - a scroll of fear {unknown}
 y - 2 scrolls of immolation {unknown}
 G - a scroll of acquirement
Potions
 b - a potion of attraction {unknown}
 f - a potion of heal wounds
 k - a potion of magic
 t - 3 potions of lignification
 w - a potion of curing
 A - a potion of resistance
 B - a potion of flight {unknown}
 D - a potion of mutation {unknown}
 F - a potion of haste {unknown}


   Skills:
 + Level 9.3 Fighting
 + Level 9.3 Axes
 + Level 8.8 Armour
 + Level 8.1 Dodging
 + Level 1.1 Evocations


You had 8 spell levels left.
You didn't know any spells.
Your spell library was empty.

Dungeon Overview and Level Annotations

Branches:
Dungeon (8/15)             Temple (0/1) D:6         Ossuary (visited)
 Bailey (1/1)
   Lair: D:8-11

Altars:
Gozag
Nemelex Xobeh

Shops:
D:1 !:**   D:6 =   D:7 =([(*

Annotations:
D:3 3 runed translucent doors, Strat's ghost, weakling VSSu


Innate Abilities, Weirdness & Mutations

You have a pair of horns on your head.
You reflexively headbutt those who attack you in melee.


Message History

The goblin hits you but does no damage. The orc warrior misses you.
A red film seems to cover your vision as you go berserk!
You feel yourself moving faster!
You feel mighty! The gnoll barely misses you.
The orc knight hits you with a +0 war axe!
* * * LOW HITPOINT WARNING * * *
The goblin barely misses you.
The orc warrior hits you with a +0 broad axe!
* * * LOW HITPOINT WARNING * * *
You hit the orc knight.
You feel better.
The orc knight is lightly wounded.
You closely miss the orc warrior. You slash the goblin!
You feel better.
You kill the goblin!
Trog accepts your kill.
You slash the gnoll!
You feel better. The gnoll misses you. You furiously retaliate!
You headbutt the gnoll!
You kill the gnoll!
Trog accepts your kill.
You slice the orc knight!!
You headbutt the orc knight, but do no damage.
The orc knight is heavily wounded.
You miss the orc warrior.
The orc knight hits you with a +0 war axe.
* * * LOW HITPOINT WARNING * * *
The orc warrior closely misses you. You furiously retaliate!
You headbutt the orc warrior! You hit the orc knight.
You feel better.
Your headbutt misses the orc knight.
The orc knight is heavily wounded.
You hit the gnoll.
You feel better.
You barely miss the orc warrior. The gnoll barely misses you.
You furiously retaliate!
You headbutt the gnoll!
You kill the gnoll!
Trog accepts your kill.
The orc knight hits you with a +0 war axe!
* * * LOW HITPOINT WARNING * * *
The orc warrior hits you with a +0 broad axe!
* * * LOW HITPOINT WARNING * * *
You barely miss the orc knight.
The orc knight is heavily wounded.
You hit the orc warrior.
The orc knight hits you with a +0 war axe!!
You die...

####.......####
≈≈≈.........≈≈≈
≈≈≈≈≈≈...≈≈≈≈≈≈
≈≈≈≈≈≈...≈≈≈≈≈≈
≈≈≈≈≈≈...≈≈≈≈≈≈
≈≈≈≈≈≈...≈≈≈≈≈≈
##≈≈≈≈...≈≈≈≈##
#...........#
#####)@'#####
+.)oo.+ +.....+
#..⌠..# #.....#
#.....# #######


You could see an orc knight and an orc warrior (strong).

Vanquished Creatures
  Sigmund (D:2)
  4 yaks (D:7)
  2 water moccasins
  2 ice beasts (D:7)
  An orc warrior (D:7)
  A necrophage (D:5)
  A black bear (D:7)
  An ogre (D:6)
  3 sky beasts
  3 centaurs
  4 phantoms
  A kobold brigand (D:7)
  An elf zombie (Ossuary)
  A wyvern zombie (D:6)
  A scorpion (D:5)
  3 killer bees (D:8)
  A centaur zombie (D:8)
  A bullfrog zombie (D:5)
  4 jellies
  An orc priest (D:4)
  3 hounds
  2 gnoll shamans
  5 human zombies (Ossuary)
  3 bullfrog skeletons
  5 orc wizards
  2 hound zombies (Ossuary)
  3 mummies (Ossuary)
  A howler monkey zombie (D:6)
  5 adders
  13 gnolls
  2 shadow imps (D:5)
  A white imp (D:7)
  4 ufetubi
  4 adder zombies (Ossuary)
  2 dart slugs (D:3)
  12 orcs
  6 endoplasms
  2 giant cockroaches
  12 goblins
  10 hobgoblins
  4 jackals (D:3)
  3 quokkas
  11 ball pythons
  3 bats
  5 frilled lizards
  2 gnoll zombies (Ossuary)
  2 goblin zombies (Ossuary)
  5 hobgoblin zombies
  6 jackal zombies
  9 kobolds
  2 kobold zombies (Ossuary)
  2 orc zombies
  3 quokka zombies (Ossuary)
  4 rats
  5 rat zombies (Ossuary)
200 creatures vanquished.

Notes
Turn   | Place    | Note
-------+----------+-------------------------------------------
     0 | D:1      | dtburroughs the Minotaur Berserker began the quest for the
                  | Orb.
     0 | D:1      | Reached XP level 1. HP: 19/19 MP: 0/0
   349 | D:1      | Found Ibbik's General Store.
   372 | D:1      | Reached XP level 2. HP: 16/27 MP: 1/1
   617 | D:1      | Found Yclyevie's Assorted Antiques.
   677 | D:1      | Found Hatat's Distillery.
   683 | D:1      | Found Hierphi's Book Emporium.
  1290 | D:2      | Reached XP level 3. HP: 33/33 MP: 2/2
  2019 | D:2      | Noticed Sigmund
  2026 | D:2      | Killed Sigmund
  2027 | D:2      | Reached skill level 5 in Fighting
  2027 | D:2      | Reached XP level 4. HP: 42/42 MP: 3/3
  2027 | D:2      | Reached XP level 5. HP: 48/48 MP: 4/4
  2290 | D:2      | Reached ** piety under Trog
  2348 | D:3      | Found a runed translucent gate.
  2348 | D:3      | Found a runed translucent gate.
  2348 | D:3      | Found a runed translucent gate.
  2532 | D:3      | Found an opulent altar of Gozag.
  2607 | D:3      | Reached skill level 5 in Axes
  3107 | D:3      | Noticed Strat's ghost (weakling VSSu)
  3415 | D:4      | Reached XP level 6. HP: 53/56 MP: 5/5
  4090 | D:4      | Reached skill level 5 in Armour
  4093 | D:4      | Reached XP level 7. HP: 11/62 MP: 6/6
  4396 | D:4      | Reached *** piety under Trog
  4444 | D:5      | Entered Level 5 of the Dungeon
  4756 | D:5      | Reached skill level 5 in Dodging
  4860 | D:5      | Found a sand-covered staircase.
  4873 | Ossuary  | Entered an ossuary
  5066 | Ossuary  | Reached XP level 8. HP: 71/71 MP: 7/7
  5140 | Ossuary  | Reached **** piety under Trog
  6809 | D:6      | Reached XP level 9. HP: 63/81 MP: 8/8
  6998 | D:6      | Identified a scroll of acquirement
  7326 | D:6      | Found a staircase to the Ecumenical Temple.
  7331 | D:6      | Found Hasid's Jewellery Shop.
  7713 | D:7      | Found a sparkling altar of Nemelex Xobeh.
  8025 | D:7      | Found Geysasm's Armour Shoppe.
  8027 | D:7      | Found Lesukuec's Jewellery Shoppe.
  8028 | D:7      | Found Fiheokh's Assorted Antiques.
  8151 | D:7      | Found Udghoazi's Weapon Shoppe.
  8317 | D:7      | Found Ecsivu's Antique Weapon Boutique.
  8852 | D:8      | Reached skill level 1 in Evocations
  9245 | D:8      | Found a flagged portal.
  9255 | Bailey   | Entered a bailey
  9269 | Bailey   | Noticed an orc knight
  9279 | Bailey   | Mangled by an orc knight

Illustrated notes

Levels and vault maps discovered:
D:1:      nicolae_arrival_somewhat_less_tricky_arrival, layout_rooms,
          serial_shops, shop_coins, shop, shop, shop
D:2:      minmay_skewed_foursquare, layout_loops_ring, minmay_crystal_water,
          uniq_sigmund
D:3:      minmay_inner_zag, layout_basic,
          nicolae_gozag_cash_rules_everything_around_me, gammafunk_ghost_icy
D:4:      layout_basic, kennysheep_generic_room_4
D:5:      layout_cave_pools, portal_sewer_entry_d, enter_ossuary_3,
          chequers_serial_rivers_room_a, corexii_leaking_fountain
D:6:      layout_gridville, minmay_temple_entry_tees, serial_shops,
          nicolae_shop_waterfront, serial_glass, glass_columns_c,
          glass_columns_b, eino_small_chamber_without_monster
D:7:      layout_gridville, mainiacjoe_overflow_surrounded_room, serial_shops,
          shop, minmay_shop_grid_forest, st_stairs_8,
          kennysheep_opposing_triangles
D:8:      nzn_winding_woodlands_cross [nzn_winding_woodlands_5x15_twine,
          nzn_winding_woodlands_5x15_jagged,
          nzn_winding_woodlands_5x15_sawtooth,
          nzn_winding_woodlands_5x15_longhouse,
          nzn_winding_woodlands_15x15_killbox], layout_loops_ring,
          mainiacjoe_overflow_concentric_impassable,
          mainiacjoe_overflow_large_starburst, enter_bailey_4
Bailey:   bailey_axe_of_yendor_kennysheep, bailey

Skill      XL: |  1  2  3  4  5  6  7  8  9 |
---------------+----------------------------+-----
Fighting       | 4 5 6 8 9 |  9.3
Axes           | 4 5 6 7 9 |  9.3
Armour         | 3 4 5 7 8 |  8.8
Dodging        | 3 4 5 6 8 |  8.1
Evocations     | 1 |  1.1

Action                   |  1- 3 |  4- 6 |  7- 9 || total
-------------------------+-------+-------+-------++-------
Melee: Hand axe          |    80 |   105 |   282 ||   467
       Headbutt          |     7 |    15 |    86 ||   108
       War axe           |       |       |    93 ||    93
Invok: Berserk           |     2 |     2 |     3 ||     7
       Trog's Hand       |       |     2 |     2 ||     4
  Use: Scroll            |       |       |    14 ||    14
 Stab: Sleeping          |       |     1 |       ||     1
Armor: Animal skin       |    15 |    13 |       ||    28
       Ring mail         |       |    36 |    94 ||   130
       Chain mail        |       |       |   105 ||   105
Dodge: Dodged            |    53 |    96 |   269 ||   418
